[Event "Titled Tuesday Blitz May 9 Early 2023"]
[White "Gomes, Luiz Alexandre de Souza"]
[Black "Kim, Sergey"]
[WhiteFideId "2102790"]
[BlackFideId "13700570"]
[WhiteElo "2389"]
[BlackElo "2598"]
[Result "1/2-1/2"]
[Round "06"]
[TimeControl "180+2"]
[Date "2023.05.09"]
[WhiteClock "0:00:16"]
[BlackClock "0:00:12"]

1. e4 e5 2. Nf3 Nc6 3. Bb5 a6 4. Ba4 Nf6 5. O-O b5 6. Bb3 Bc5 7. c3 d6 8. d3 h6 9. Be3 O-O 10. Nbd2 Bg4 11. h3 Bh5 12. Qe1 Ba7 13. a4 b4 14. a5 bxc3 15. bxc3 Ne7 16. Bc4 Bxf3 17. Nxf3 Ng6 18. g3 c6 19. Bxa7 Rxa7 20. Kh2 d5 21. exd5 cxd5 22. Bb3 Re7 23. Qd1 Rd7 24. Re1 e4 25. Nd4 Ne5 26. dxe4 dxe4 27. Kg2 Nf3 28. Re3 Nxd4 29. cxd4 Rxd4 30. Qe1 Rd2 31. Bc4 Qd4 32. Bxa6 Nd5 33. Rxe4 Rxf2+ 34. Qxf2 Qxe4+ 35. Kh2 Nf6 36. Bf1 Qe5 37. Ra2 h5 38. Bg2 h4 39. Qf4 hxg3+ 40. Qxg3 Qe6 41. Ra3 Ne4 42. Qf4 f5 43. a6 Ra8 44. a7 Qe7 45. Ra5 Rxa7 46. Rxf5 Nf6 47. Qc4+ Kh7 48. Qh4+ Kg8 49. Qc4+ Kh7 50. Qh4+ Kg8 51. Qc4+ 1/2-1/2


[Site "https://www.chess.com"]

[Event "Titled Tuesday Blitz May 9 Early 2023"]
[White "Shaik Sumer Arsh"]
[Black "Luberanski, Jakub"]
[WhiteFideId "45020000"]
[BlackFideId "21830509"]
[WhiteElo "2350"]
[BlackElo "2255"]
[Result "1-0"]
[Round "06"]
[TimeControl "180+2"]
[Date "2023.05.09"]
[WhiteClock "0:00:16"]
[BlackClock "0:00:04"]

1. d4 Nf6 2. c4 g6 3. Nc3 Bg7 4. e4 d6 5. Nf3 O-O 6. Be2 Nc6 7. Be3 e5 8. d5 Ne7 9. Nd2 Nd7 10. b4 a5 11. a3 f5 12. f3 f4 13. Bf2 g5 14. c5 Nf6 15. bxa5 Rxa5 16. cxd6 cxd6 17. Nc4 Ra6 18. Qb3 g4 19. a4 gxf3 20. gxf3 Bh3 21. Qxb7 Ra8 22. Nb5 Rb8 23. Qa6 Nc8 24. Ncxd6 Nxd6 25. Qxd6 Qa5+ 26. Kd1 Rfc8 27. Rg1 Ne8 28. Qe7 Kh8 29. Bd3 Rxb5 30. Bxb5 Qc3 31. Qa3 Qc2+ 32. Ke1 Nd6 33. Bd3 Qc7 34. Ke2 Nc4 35. Qc3 Qb7 36. Rac1 Nd6 37. Qd2 Rb8 38. Rb1 Qc7 39. Rxb8+ Qxb8 40. Rb1 Qc8 41. Qc2 Qg8 42. Qc7 Bf8 43. Rb8 Bg2 44. Rxf8 Qxf8 45. Bc5 Bxf3+ 46. Kxf3 Qf6 47. Qxd6 Qg7 48. Qf8+ Qg8 49. Qxg8+ Kxg8 50. Bd6 Kf7 51. Bxe5 Ke8 52. Bxf4 1-0


[Site "https://www.chess.com"]

[Event "Titled Tuesday Blitz May 9 Early 2023"]
[White "Erzhanov, Arman"]
[Black "Melikhov, Evgeny V."]
[WhiteFideId "4138821"]
[BlackFideId "4122046"]
[WhiteElo "2138"]
[BlackElo "2158"]
[Result "1-0"]
[Round "06"]
[TimeControl "180+2"]
[Date "2023.05.09"]
[WhiteClock "0:02:13"]
[BlackClock "0:00:14"]

1. e4 e5 2. Nf3 Nc6 3. Bb5 a6 4. Bxc6 dxc6 5. O-O f6 6. d4 exd4 7. Nxd4 c5 8. Ne2 Qxd1 9. Rxd1 Bd7 10. Be3 O-O-O 11. Nbc3 Be6 12. Rxd8+ Kxd8 13. Rd1+ Kc8 14. Nf4 Bf7 15. Nfd5 Bxd5 16. Nxd5 Bd6 17. Bf4 Bxf4 18. Nxf4 Ne7 19. Ne6 Nc6 20. Nxg7 Nd4 21. c3 Ne2+ 22. Kf1 Nf4 23. g3 Rg8 24. Nf5 Ng6 25. f4 Re8 26. Re1 Kd7 27. Kf2 Ne7 28. Rd1+ Kc6 29. Nxe7+ Rxe7 30. Kf3 b5 31. g4 a5 32. h4 c4 33. g5 fxg5 34. hxg5 b4 35. f5 1-0


[Site "https://www.chess.com"]

[Event "Titled Tuesday Blitz May 9 Early 2023"]
[White "Omariev, Maksim"]
[Black "wqws"]
[WhiteFideId "4193423"]
[WhiteElo "2374"]
[BlackElo "2536"]
[Result "0-1"]
[Round "06"]
[TimeControl "180+2"]
[Date "2023.05.09"]
[WhiteClock "0:00:00"]
[BlackClock "0:00:28"]

1. g4 d5 2. Bg2 c6 3. h3 e5 4. d4 e4 5. c4 h5 6. g5 Bd6 7. Nc3 Ne7 8. Qb3 O-O 9. Bd2 a5 10. cxd5 cxd5 11. Nxd5 Nbc6 12. e3 Be6 13. Bxe4 a4 14. Nxe7+ Qxe7 15. Qc2 Rac8 16. Bc3 a3 17. Qe2 axb2 18. Bxb2 Bb4+ 19. Kf1 Bc4 20. Bd3 Na5 21. Nf3 Bxd3 22. Qxd3 Nc4 23. Rb1 Rfe8 24. Kg2 Bd6 25. g6 Rf8 26. Ba1 fxg6 27. Qxg6 Rf6 28. Qxh5 Rcf8 29. Qd5+ Qf7 30. Qxf7+ R6xf7 31. Ne5 Rxf2+ 0-1


[Site "https://www.chess.com"]

[Event "Titled Tuesday Blitz May 9 Early 2023"]
[White "Yelisieiev, Yevhenii"]
[Black "Harriott, Tyrell"]
[WhiteFideId "14139642"]
[BlackFideId "2086484"]
[WhiteElo "2403"]
[BlackElo "2107"]
[Result "1-0"]
[Round "06"]
[TimeControl "180+2"]
[Date "2023.05.09"]
[WhiteClock "0:00:16"]
[BlackClock "0:00:03"]

1. d4 e6 2. Nf3 d5 3. e3 Bd6 4. Bd3 f5 5. b3 c6 6. Bb2 Nf6 7. Ne5 Ne4 8. O-O O-O 9. f3 Ng5 10. Nd2 f4 11. e4 Bc7 12. Qe2 Qf6 13. Rae1 Qh6 14. c4 Nd7 15. Ng4 Qh5 16. exd5 exd5 17. Ba3 Rd8 18. Qe7 Ba5 19. b4 Bc7 20. Rf2 a5 21. b5 Bb6 22. Nb3 a4 23. Nc5 Nxc5 24. dxc5 Ba5 25. Re5 Bxg4 26. Rxg5 Qh6 27. Bb2 g6 28. Rxg4 Re8 29. Qf6 d4 30. Bxd4 Re1+ 31. Rf1 Rae8 32. Qh8+ Kf7 33. Qf6+ Kg8 34. Rxf4 Rxf1+ 35. Bxf1 Qxf4 36. Qg7# 1-0


[Site "https://www.chess.com"]

[Event "Titled Tuesday Blitz May 9 Early 2023"]
[White "Boldoo, Erdenepurev"]
[Black "Makhmudov, Shukhrat"]
[WhiteFideId "4901037"]
[BlackFideId "14200775"]
[WhiteElo "2299"]
[BlackElo "2135"]
[Result "1/2-1/2"]
[Round "06"]
[TimeControl "180+2"]
[Date "2023.05.09"]
[WhiteClock "0:00:06"]
[BlackClock "0:01:01"]

1. d4 Nf6 2. Nf3 e6 3. c4 d5 4. Nc3 Bb4 5. Qa4+ Nc6 6. a3 Bxc3+ 7. bxc3 Ne4 8. Qc2 O-O 9. Bf4 Na5 10. e3 c6 11. h4 f5 12. Ne5 Bd7 13. f3 Nf6 14. h5 Be8 15. h6 g6 16. c5 b6 17. Bd3 bxc5 18. g4 c4 19. Be2 c5 20. gxf5 exf5 21. Rg1 Kh8 22. Bg5 Qd6 23. Kf2 cxd4 24. exd4 Nc6 25. Bf4 Qe7 26. Rae1 Nh5 27. Bg5 Qxa3 28. f4 Nf6 29. Bxf6+ Rxf6 30. Bf3 Ne7 31. Ra1 Qd6 32. Ra5 a6 33. Rb1 Kg8 34. Ke3 Kf8 35. Qg2 Re6 36. Bxd5 Qc7 37. Bxe6 Qxa5 38. Nd7+ Bxd7 39. Qxa8+ Be8 40. Rb4 Qa3 41. Rxc4 Qc1+ 42. Kd3 Qd1+ 43. Ke3 Qe1+ 44. Kd3 Qd1+ 45. Ke3 Qe1+ 46. Kd3 Qd1+ 1/2-1/2


[Site "https://www.chess.com"]

[Event "Titled Tuesday Blitz May 9 Early 2023"]
[White "Yeritsyan, Hayk"]
[Black "Umarov, Sabir"]
[WhiteFideId "13307320"]
[BlackFideId "14200538"]
[WhiteElo "2500"]
[BlackElo "2358"]
[Result "0-1"]
[Round "06"]
[TimeControl "180+2"]
[Date "2023.05.09"]
[WhiteClock "0:00:05"]
[BlackClock "0:00:05"]

1. e3 g6 2. Nf3 Bg7 3. d4 d5 4. c4 c6 5. Nc3 Nf6 6. Be2 O-O 7. O-O Re8 8. Ne5 Nbd7 9. f4 e6 10. b3 Nxe5 11. fxe5 Nd7 12. Ba3 f6 13. exf6 Nxf6 14. Qd3 e5 15. dxe5 Rxe5 16. Rad1 Bf5 17. Qd2 Qb6 18. Bd6 Re6 19. c5 Qd8 20. Bd3 Bxd3 21. Qxd3 Rxd6 22. cxd6 Qxd6 23. e4 Qc5+ 24. Kh1 Ng4 25. Ne2 dxe4 26. Qxe4 Nf2+ 27. Rxf2 Qxf2 28. Ng3 Rf8 29. a4 Qf4 30. Qe6+ Qf7 31. Qxf7+ Rxf7 32. h3 Be5 33. Ne4 Kg7 34. Nc5 Bg3 35. Ne4 Bh4 36. Kg1 Re7 37. Nc5 b6 38. Nd3 Bg3 39. Nb2 c5 40. Nc4 Re2 41. Rf1 h5 42. a5 b5 43. Na3 a6 44. Rd1 h4 45. Nb1 Rb2 46. Nd2 Kf6 47. Ne4+ Ke5 48. Nxc5 Bf2+ 49. Kh1 Bxc5 50. Kh2 Bf2 51. Rd3 Bg3+ 52. Kg1 Rb1+ 0-1


[Site "https://www.chess.com"]

[Event "Titled Tuesday Blitz May 9 Early 2023"]
[White "Baches Garcia, Guillermo"]
[Black "Korpics, Zsolt"]
[WhiteFideId "2209764"]
[BlackFideId "705241"]
[WhiteElo "2498"]
[BlackElo "2358"]
[Result "1-0"]
[Round "06"]
[TimeControl "180+2"]
[Date "2023.05.09"]
[WhiteClock "0:00:15"]
[BlackClock "0:00:00"]

1. e4 c5 2. Nf3 e6 3. d4 cxd4 4. Nxd4 Nc6 5. Nc3 Qc7 6. Be3 a6 7. g4 Ne5 8. f4 Nc4 9. Bxc4 Qxc4 10. Qf3 Bb4 11. Ne2 Ne7 12. O-O-O b5 13. e5 Qc6 14. Qf2 Bb7 15. a3 Bxc3 16. Nxc3 Qxh1 17. Rxh1 Bxh1 18. Bc5 Rc8 19. Bd6 f6 20. Qa7 Ra8 21. Qg1 Bc6 22. Qc5 Nc8 23. Bc7 Kf7 24. Ne2 Ne7 25. Nd4 Rhc8 26. Nxc6 Nxc6 27. Qd6 Ke8 28. exf6 gxf6 29. f5 Ne7 30. fxe6 dxe6 31. Ba5 Rc6 32. Qf4 Nd5 33. Qh6 Kd7 34. Qxh7+ Kd6 35. Bd2 Rac8 36. c3 Kc5 37. h4 Kb6 38. g5 fxg5 39. hxg5 R6c7 40. Qh2 Rg7 41. Qe2 1-0


[Site "https://www.chess.com"]

[Event "Titled Tuesday Blitz May 9 Early 2023"]
[White "Matveeva, Olga"]
[Black "Jovic, Stanoje"]
[WhiteFideId "24107018"]
[BlackFideId "905020"]
[WhiteElo "2009"]
[BlackElo "2236"]
[Result "1-0"]
[Round "06"]
[TimeControl "180+2"]
[Date "2023.05.09"]
[WhiteClock "0:00:32"]
[BlackClock "0:00:00"]

1. d4 Nf6 2. c4 e6 3. g3 d5 4. Nf3 dxc4 5. Bg2 c6 6. Ne5 Nbd7 7. Nxc4 Nb6 8. Ne5 Bd6 9. O-O Bxe5 10. dxe5 Qxd1 11. Rxd1 Nfd7 12. f4 g5 13. Nc3 gxf4 14. Bxf4 Nd5 15. Ne4 O-O 16. Nd6 f6 17. exf6 Rxf6 18. Ne4 Rf7 19. Rf1 Nxf4 20. Rxf4 e5 21. Rxf7 Kxf7 22. Ng5+ Ke7 23. Nxh7 Nc5 24. Ng5 a5 25. h4 a4 26. Rf1 Be6 27. a3 Bc4 28. Rf2 Rd8 29. Kh2 Rd2 30. h5 Nd7 31. h6 Nf6 32. Rxf6 Kxf6 33. Ne4+ Kg6 34. Nxd2 Bxe2 35. Bf3 Ba6 36. Bd1 b5 37. Nf3 Kxh6 38. Nxe5 c5 39. g4 Kg5 40. Kg3 Bc8 41. Be2 b4 42. Bb5 bxa3 43. bxa3 1-0


[Site "https://www.chess.com"]

[Event "Titled Tuesday Blitz May 9 Early 2023"]
[White "Senft, Sean"]
[Black "Korelskiy, Egor"]
[WhiteFideId "2044960"]
[BlackFideId "34329064"]
[WhiteElo "1989"]
[BlackElo "2156"]
[Result "0-1"]
[Round "06"]
[TimeControl "180+2"]
[Date "2023.05.09"]
[WhiteClock "0:01:50"]
[BlackClock "0:00:58"]

1. d4 d5 2. c4 e6 3. Nc3 c6 4. Nf3 dxc4 5. a4 Bb4 6. e3 b5 7. Bd2 a5 8. axb5 Bxc3 9. Bxc3 cxb5 10. b3 Bb7 11. bxc4 b4 12. Bb2 Nf6 13. Bd3 Nbd7 14. O-O O-O 15. Nd2 Qc7 16. f4 a4 17. Rxa4 Qc6 18. Be4 Nxe4 19. Rxa8 Rxa8 20. d5 exd5 21. Nxe4 dxe4 22. Qd4 Nf6 23. g4 Qd7 24. Qe5 Qxg4+ 25. Kh1 h6 26. Qc7 Qc8 27. Qe7 Ng4 28. Rg1 Nf2+ 29. Kg2 Ra2 30. Bxg7 Ng4+ 31. Kh3 Nxe3+ 32. Kg3 Qg4# 0-1


[Site "https://www.chess.com"]

[Event "Titled Tuesday Blitz May 9 Early 2023"]
[White "Fajdetic, Hrvoje"]
[Black "ElenGajger"]
[WhiteFideId "14501945"]
[WhiteElo "2185"]
[BlackElo "2480"]
[Result "1-0"]
[Round "06"]
[TimeControl "180+2"]
[Date "2023.05.09"]
[WhiteClock "0:00:14"]
[BlackClock "0:00:27"]

1. d4 Nf6 2. Bf4 g6 3. Nc3 d5 4. e3 Bg7 5. h4 c5 6. Nb5 Na6 7. c3 Bd7 8. a4 Qb6 9. Nf3 O-O 10. Ne5 Bc6 11. h5 Ne4 12. hxg6 hxg6 13. Qg4 cxd4 14. Qh3 Nf6 15. exd4 Rfc8 16. Bd3 Bxb5 17. axb5 Nc7 18. Nd7 Qe6+ 19. Qxe6 fxe6 20. Nc5 Kf7 21. Nxb7 Rcb8 22. Na5 Rc8 23. Nc6 Nd7 24. Kd2 Nb6 25. Rxa7 Rxa7 26. Nxa7 Nc4+ 27. Bxc4 dxc4 28. Nxc8 Nxb5 29. Be5 Bxe5 30. dxe5 1-0


[Site "https://www.chess.com"]

[Event "Titled Tuesday Blitz May 9 Early 2023"]
[White "Hossain, Enamul"]
[Black "Hinds, Nathan"]
[WhiteFideId "10200649"]
[BlackFideId "7400730"]
[WhiteElo "2433"]
[BlackElo "2001"]
[Result "1/2-1/2"]
[Round "06"]
[TimeControl "180+2"]
[Date "2023.05.09"]
[WhiteClock "0:01:35"]
[BlackClock "0:01:06"]

1. e4 c6 2. d4 d5 3. e5 c5 4. Nf3 Nc6 5. dxc5 Bg4 6. c3 Bxf3 7. Qxf3 Nxe5 8. Qg3 Nc6 9. Bb5 e6 10. b4 Nf6 11. Nd2 Rc8 12. O-O Qc7 13. Qh3 Be7 14. Nf3 O-O 15. Re1 Ne4 16. Nd2 Nxd2 17. Bxd2 Bf6 18. Rac1 Ne7 19. Bd3 g6 20. c4 Rfd8 21. Bh6 dxc4 22. Bxc4 Nf5 1/2-1/2


[Site "https://www.chess.com"]

[Event "Titled Tuesday Blitz May 9 Early 2023"]
[White "Balint, Vilmos"]
[Black "Zavortink, Matt"]
[WhiteFideId "718050"]
[BlackFideId "2034263"]
[WhiteElo "2034"]
[BlackElo "2475"]
[Result "1-0"]
[Round "06"]
[TimeControl "180+2"]
[Date "2023.05.09"]
[WhiteClock "0:00:31"]
[BlackClock "0:00:04"]

1. d4 d5 2. Bf4 Nf6 3. Nf3 Bf5 4. e3 e6 5. Be2 Nbd7 6. O-O Ne4 7. Nbd2 Be7 8. c4 g5 9. Bg3 h5 10. cxd5 exd5 11. h3 Nxg3 12. fxg3 Bd6 13. Qb3 Be6 14. Qxb7 Bxg3 15. Nxg5 Rb8 16. Nxe6 Rxb7 17. Nxd8 Kxd8 18. Nb3 f6 19. Rf5 c6 20. Bxh5 a5 21. Nxa5 Rxb2 22. Nxc6+ Kc7 23. Ne7 Rhb8 24. Rc1+ Kd6 25. Nc8+ Ke6 26. Bg4 Kf7 27. Rf3 Rb1 28. Rff1 Rxc1 29. Rxc1 Nf8 30. Na7 Rb2 31. Nc6 Rxa2 32. Nd8+ Ke8 33. Ne6 Nxe6 34. Bxe6 Bf2+ 35. Kh2 Bxe3 36. Re1 Bf4+ 37. Kg1 Kf8 38. Bxd5 Bg3 39. Rf1 Ke7 40. Bxa2 1-0


[Site "https://www.chess.com"]

[Event "Titled Tuesday Blitz May 9 Early 2023"]
[White "Ardila, Oscar Humberto"]
[Black "Sowul, Bartosz"]
[WhiteFideId "4404742"]
[BlackFideId "1137590"]
[WhiteElo "1918"]
[BlackElo "2188"]
[Result "1-0"]
[Round "06"]
[TimeControl "180+2"]
[Date "2023.05.09"]
[WhiteClock "0:00:11"]
[BlackClock "0:00:00"]

1. d4 Nf6 2. c4 c5 3. dxc5 e6 4. Nf3 Bxc5 5. e3 O-O 6. Be2 b6 7. O-O Bb7 8. Nc3 d5 9. Qc2 Qe7 10. Rd1 Nbd7 11. a3 Rac8 12. b4 Bd6 13. Nb5 Bb8 14. Bb2 dxc4 15. Rac1 a6 16. Nc3 Nd5 17. Nd4 N7f6 18. b5 a5 19. Bf3 Rfd8 20. h3 Bd6 21. Nxd5 Nxd5 22. a4 c3 23. Ba1 Nb4 24. Qb3 e5 25. Bxb7 Qxb7 26. Nf5 Bf8 27. Bxc3 Qe4 28. Rxd8 Rxd8 29. Bxb4 Bxb4 30. Ng3 Qg6 31. Rd1 Qf6 32. Rd5 h6 33. Qd3 Rc8 34. Kh2 Qxf2 35. Nf5 Re8 36. Rd8 Rxd8 37. Qxd8+ Kh7 38. Qd7 e4 39. Qxf7 1-0


[Site "https://www.chess.com"]

[Event "Titled Tuesday Blitz May 9 Early 2023"]
[White "De Souza, Cristiano Gomes"]
[Black "WindWhistler11"]
[WhiteFideId "2151758"]
[WhiteElo "2068"]
[BlackElo "2471"]
[Result "0-1"]
[Round "06"]
[TimeControl "180+2"]
[Date "2023.05.09"]
[WhiteClock "0:00:16"]
[BlackClock "0:00:10"]

1. d4 Nf6 2. c4 e6 3. Nf3 c5 4. d5 exd5 5. cxd5 Bd6 6. Nc3 O-O 7. g3 Re8 8. Bg2 Bf8 9. O-O d6 10. Nd2 a6 11. a4 Nbd7 12. Nc4 Nb6 13. Na3 Bg4 14. h3 Bh5 15. f4 h6 16. g4 Bg6 17. f5 Bh7 18. e4 Nfd7 19. a5 Nc8 20. Nc4 Na7 21. Bf4 Ne5 22. Bxe5 dxe5 23. Nb6 Rb8 24. Rf2 Nb5 25. Nxb5 axb5 26. Rd2 c4 27. d6 g6 28. Rd5 Kh8 29. Qd2 gxf5 30. exf5 f6 31. Rd1 Bg8 32. Rxb5 e4 33. Qe3 Bxd6 34. Rbd5 Bxd5 35. Rxd5 Kh7 36. Nxc4 Bh2+ 37. Kxh2 Qxd5 38. Nd2 Qd3 39. Nf1 Qxe3 40. Nxe3 Rbd8 41. Kg3 Rd2 42. b4 Rb2 43. Kf4 Rxb4 44. Nd5 e3+ 45. Nxb4 e2 46. Nd3 Rd8 47. Ne1 Rd1 48. Nf3 Rd3 49. Ne1 Rd1 50. Nf3 Ra1 51. Kg3 Rxa5 52. Kf2 Ra2 53. Ke1 b5 54. Nd4 b4 55. Bd5 Ra1+ 56. Kxe2 Rg1 57. Bb3 Rg3 58. Kd2 Rxh3 59. Kc2 Rg3 60. Be6 Rxg4 61. Nc6 h5 62. Kb3 h4 63. Nxb4 h3 64. Nd5 h2 65. Nxf6+ Kg7 66. Nxg4 h1=Q 67. Ne5 Qb1+ 68. Kc4 Qe4+ 69. Kc5 Qxe5+ 70. Kc4 Kf6 71. Kd3 Ke7 72. Kc4 Kd6 73. Kd3 Kc5 74. Kd2 Qd4+ 75. Ke2 Kd6 76. Kf3 Ke5 77. Kg3 Qf4+ 78. Kh3 Kf6 79. Kg2 Kg5 80. Kg1 Qe3+ 81. Kg2 Kf4 82. Kh2 Qf2+ 83. Kh1 Kg3 0-1


[Site "https://www.chess.com"]

[Event "Titled Tuesday Blitz May 9 Early 2023"]
[White "Barbot, Pierre"]
[Black "Martic, Ivan"]
[WhiteFideId "663727"]
[BlackFideId "929301"]
[WhiteElo "2431"]
[BlackElo "2360"]
[Result "1/2-1/2"]
[Round "06"]
[TimeControl "180+2"]
[Date "2023.05.09"]
[WhiteClock "0:00:07"]
[BlackClock "0:00:09"]

1. d4 d5 2. Nc3 Nf6 3. Bf4 c5 4. e3 cxd4 5. exd4 a6 6. Nf3 Bf5 7. Ne5 e6 8. g4 Be4 9. f3 Bg6 10. h4 h5 11. Nxg6 fxg6 12. Bd3 Kf7 13. Qd2 Bd6 14. Be5 Nc6 15. g5 Nxe5 16. dxe5 Bxe5 17. gxf6 Qxf6 18. Qg5 Rac8 19. Rg1 Rxc3 20. bxc3 Bxc3+ 21. Ke2 Bxa1 22. Bxg6+ Kf8 23. Rxa1 Rh6 24. Qxf6+ gxf6 25. Bd3 Ke7 26. Rb1 b5 27. a4 bxa4 28. Rb6 Rh8 29. Rxa6 Rg8 30. Rxa4 Rg2+ 31. Ke3 Rh2 32. Bg6 e5 33. Bxh5 d4+ 34. Kd3 Rxh4 35. Bg4 Kf7 36. Bf5 Rf4 37. Ra7+ Kf8 38. Be4 f5 39. Bd5 Ke8 40. Rh7 Kf8 41. Rh5 Ke7 42. Rh1 Kd6 43. Ba8 Kc5 44. Rh6 e4+ 45. fxe4 Rf3+ 46. Ke2 fxe4 47. Bxe4 Re3+ 48. Kd2 Rxe4 49. Kd3 Re3+ 50. Kd2 Rg3 51. Rh8 Rg2+ 52. Kd3 Rg3+ 53. Kd2 Kc4 54. Rc8+ Kd5 55. Rd8+ Ke4 56. Re8+ Kd5 57. Rd8+ Kc4 58. Rc8+ Kd5 59. Rd8+ 1/2-1/2


[Site "https://www.chess.com"]

[Event "Titled Tuesday Blitz May 9 Early 2023"]
[White "Panda Sambit"]
[Black "Vifleemskaia, Svetlana"]
[WhiteFideId "25091794"]
[BlackFideId "4129490"]
[WhiteElo "2272"]
[BlackElo "1930"]
[Result "1-0"]
[Round "06"]
[TimeControl "180+2"]
[Date "2023.05.09"]
[WhiteClock "0:00:02"]
[BlackClock "0:00:00"]

1. Nf3 Nf6 2. c4 c5 3. b3 d5 4. Bb2 d4 5. e3 Nc6 6. g3 e5 7. d3 dxe3 8. fxe3 e4 9. Ng5 Bg4 10. Qd2 exd3 11. Bg2 Be2 12. Nc3 Nb4 13. Nxe2 Nc2+ 14. Kd1 Nxa1 15. Nf4 Nc2 16. Bxb7 Nb4 17. Bxa8 Qxa8 18. Rf1 h6 19. Nxf7 Kxf7 20. a3 Nc6 21. Qxd3 Qd8 22. Nd5 Be7 23. e4 Qd6 24. Kc2 Re8 25. Qe3 Bd8 26. g4 Kg8 27. Bxf6 Bxf6 28. Rxf6 gxf6 29. Qxh6 Nd4+ 30. Kd3 Re6 31. Qg6+ Kf8 32. Qh6+ Ke8 33. Qh7 Re7 34. Qxe7+ Qxe7 35. Nxe7 Kxe7 36. b4 Ne6 37. h4 Kd6 38. h5 Ke5 39. h6 Ng5 40. b5 Kf4 41. a4 Kxg4 42. a5 Kh5 43. b6 Ne6 44. b7 Kxh6 45. b8=Q Kg6 46. Qg3+ Kf7 47. Qd6 1-0


[Site "https://www.chess.com"]

[Event "Titled Tuesday Blitz May 9 Early 2023"]
[White "Dinu, Dumitru-Daniel"]
[Black "Alahakoon, Isuru"]
[WhiteFideId "1208403"]
[BlackFideId "9900993"]
[WhiteElo "2240"]
[BlackElo "1953"]
[Result "0-1"]
[Round "06"]
[TimeControl "180+2"]
[Date "2023.05.09"]
[WhiteClock "0:00:00"]
[BlackClock "0:00:32"]

1. e4 d5 2. exd5 Qxd5 3. Nc3 Qa5 4. d4 Nf6 5. Bc4 Bg4 6. f3 Bh5 7. Ne2 Nc6 8. Be3 O-O-O 9. O-O e5 10. d5 Bc5 11. Qc1 Qb6 12. Bf2 Bxf2+ 13. Rxf2 Na5 14. Bb3 Nxb3 15. axb3 Nxd5 16. Qg5 Bg6 17. Qxe5 Nb4 18. Qa5 Nxc2 19. Qxb6 axb6 20. Ra4 Ne3 21. h4 Kb8 22. Kh2 Bc2 23. Ra3 Rhe8 24. Nf4 Rd4 25. Nh3 Rxh4 26. Kg3 Rd4 27. Re2 Nf5+ 28. Kf2 Rxe2+ 29. Nxe2 Rb4 30. Nc1 Nd4 0-1


[Site "https://www.chess.com"]

[Event "Titled Tuesday Blitz May 9 Early 2023"]
[White "Mike24147"]
[Black "Avazkhonov, Alikhon"]
[BlackFideId "14208504"]
[WhiteElo "2316"]
[BlackElo "1739"]
[Result "0-1"]
[Round "06"]
[TimeControl "180+2"]
[Date "2023.05.09"]
[WhiteClock "0:00:32"]
[BlackClock "0:00:52"]

1. e4 c5 2. Nf3 d6 3. Bb5+ Nd7 4. c3 Nf6 5. Qe2 a6 6. Ba4 e6 7. O-O b5 8. Bc2 Bb7 9. d4 Be7 10. Rd1 O-O 11. h3 Qc7 12. e5 dxe5 13. Nxe5 Nxe5 14. dxe5 Nd5 15. Nd2 Nf4 16. Qg4 Qxe5 17. Ne4 Ng6 18. Re1 f5 0-1


[Site "https://www.chess.com"]

[Event "Titled Tuesday Blitz May 9 Early 2023"]
[White "Sarkar, Justin"]
[Black "Gurevich, Dmitry"]
[WhiteFideId "2010011"]
[BlackFideId "2000407"]
[WhiteElo "2168"]
[BlackElo "2506"]
[Result "0-1"]
[Round "06"]
[TimeControl "180+2"]
[Date "2023.05.09"]
[WhiteClock "0:00:00"]
[BlackClock "0:00:06"]

1. e4 c5 2. Nf3 d6 3. d4 cxd4 4. Nxd4 Nf6 5. Nc3 Nc6 6. f4 g6 7. Nf3 Bg7 8. Bd3 O-O 9. O-O a6 10. Kh1 b5 11. a4 b4 12. Nd5 e6 13. Nxf6+ Bxf6 14. Qe2 Qc7 15. Rb1 Bb7 16. Be3 Rfe8 17. h4 Bg7 18. h5 e5 19. Qf2 exf4 20. Bxf4 Ne5 21. h6 Bh8 22. Nxe5 dxe5 23. Bg5 Re6 24. Bc4 Rae8 25. Bxe6 Rxe6 26. Rbd1 f6 27. Qd2 Re8 28. Bxf6 Bxf6 29. Rxf6 Bxe4 30. Qd7 Qxd7 31. Rxd7 Bxc2 32. Rg7+ Kh8 33. Rff7 g5 34. Rxg5 e4 35. Rf1 e3 36. Re1 e2 37. Kg1 Bxa4 38. Rg3 Bd1 39. Kf2 Re6 40. Re3 Rf6+ 41. Kg3 Rxh6 42. Re7 Rg6+ 43. Kf2 Kg8 44. g3 Rf6+ 45. Ke3 Rc6 0-1


[Site "https://www.chess.com"]

[Event "Titled Tuesday Blitz May 9 Early 2023"]
[White "Redzisz, Michal"]
[Black "Bueno, Alfeu Junior Varela"]
[WhiteFideId "21816107"]
[BlackFideId "2108879"]
[WhiteElo "2175"]
[BlackElo "2175"]
[Result "1-0"]
[Round "06"]
[TimeControl "180+2"]
[Date "2023.05.09"]
[WhiteClock "0:00:14"]
[BlackClock "0:00:08"]

1. e4 e6 2. d4 d5 3. Bd3 Nf6 4. e5 Nfd7 5. Nd2 c5 6. c3 Nc6 7. Ngf3 cxd4 8. cxd4 f6 9. exf6 Nxf6 10. O-O Bd6 11. Re1 O-O 12. Nf1 Qc7 13. Bg5 Nh5 14. Ne5 Nf4 15. Bxf4 Rxf4 16. Rc1 Bxe5 17. Rxe5 Qf7 18. Re1 Rxf2 19. Ng3 Bd7 20. Qg4 e5 21. Qh4 e4 22. Nxe4 dxe4 23. Bc4 Rxg2+ 24. Kxg2 Be6 25. Bxe6 Qxe6 26. Qxe4 Qxa2 27. d5 Na5 28. Qe6+ 1-0


[Site "https://www.chess.com"]

[Event "Titled Tuesday Blitz May 9 Early 2023"]
[White "Mackster23"]
[Black "Delorme, Alban"]
[BlackFideId "623636"]
[WhiteElo "2436"]
[BlackElo "2196"]
[Result "1-0"]
[Round "06"]
[TimeControl "180+2"]
[Date "2023.05.09"]
[WhiteClock "0:00:22"]
[BlackClock "0:00:00"]

1. e4 c5 2. Nf3 Nc6 3. d4 cxd4 4. Nxd4 Nf6 5. Nc3 d6 6. Bg5 Bd7 7. Bxf6 gxf6 8. Bc4 Qb6 9. Ndb5 a6 10. Nd5 Qa5+ 11. b4 Nxb4 12. Nbc7+ Kd8 13. Qd2 Rc8 14. Nxb4 Qxc7 15. Bxf7 a5 16. Nd5 Qxc2 17. Qxa5+ Rc7 18. O-O Bh6 19. Qxc7+ Qxc7 20. Nxc7 Kxc7 21. Bb3 Rg8 22. Bxg8 1-0


[Site "https://www.chess.com"]

[Event "Titled Tuesday Blitz May 9 Early 2023"]
[White "Jimenez Almeida, Luis David"]
[Black "Levitan, Caleb Levi"]
[WhiteFideId "22242244"]
[BlackFideId "14332620"]
[WhiteElo "2245"]
[BlackElo "1963"]
[Result "1-0"]
[Round "06"]
[TimeControl "180+2"]
[Date "2023.05.09"]
[WhiteClock "0:00:26"]
[BlackClock "0:00:00"]

1. e4 e5 2. Nf3 Nc6 3. Bb5 a6 4. Ba4 Nf6 5. O-O Bc5 6. d3 b5 7. Bb3 d6 8. h3 O-O 9. c3 Bb6 10. a4 Bb7 11. Nbd2 Qe7 12. Re1 h6 13. Nf1 Na5 14. Bc2 c5 15. Ng3 c4 16. Be3 Bxe3 17. Rxe3 cxd3 18. Bxd3 bxa4 19. Rxa4 Nc6 20. Nf5 Qd7 21. N3h4 Ne7 22. Nxe7+ Qxe7 23. Rg3 Qd7 24. Nf5 Ne8 25. Nxh6+ Kh7 26. Nf5 g6 27. Qg4 Nf6 28. Qh4+ Nh5 29. Rg5 f6 30. Rxg6 Kxg6 31. Qg4+ Kh7 32. Qxh5+ Kg8 33. Bc4+ d5 34. Bxd5+ Bxd5 35. exd5 Qh7 36. Nh6+ Kh8 37. Rh4 Ra7 38. Kh2 Rg7 39. g3 Rg5 40. Nf7+ Rxf7 41. Qxf7 Rg7 42. Rxh7+ Kxh7 43. Qxf6 1-0


[Site "https://www.chess.com"]